 Dungeon Crawl Stone Soup version 0.28.0-1-gb440e238dd (webtiles) character file.

Game seed: 6519504602382853088

32 PBDoughboyy the Digger (level 3, -4/25 HPs)
             Began as a Gnoll Earth Elementalist on Feb 19, 2022.
             Killed from afar by an orc wizard (7 damage)
             ... with a puff of flame
             ... on level 1 of the Dungeon.
             The game lasted 00:03:44 (951 turns).

PBDoughboyy the Digger (Gnoll Earth Elementalist)    Turns: 951, Time: 00:03:45

Health: -4/25      AC:  3    Str:  7    XL:     3   Next: 27%
Magic:  6/9        EV: 13    Int: 16    God:
Gold:   33         SH:  0    Dex: 12    Spells: 8/12 levels left

rFire   . . .      SeeInvis .   d - +0 dagger
rCold   . . .      Faith    .   (no shield)
rNeg    . . .      Spirit   .   b - +0 robe
rPois   .          Reflect  .   (no helmet)
rElec   .          Harm     .   e - +0 cloak
rCorr   .          Rampage  .   (no gloves)
Will    .....                   (no boots)
Stlth   +.........              (no amulet)
HPRegen 0.08/turn               (no ring)
MPRegen 0.11/turn               (no ring)

@: confused
A: fangs 1, strong nose, distributed training
a: no special abilities


You were on level 1 of the Dungeon.
You visited 1 branch of the dungeon, and saw 2 of its levels.

You collected 33 gold pieces.

Inventory:

Hand Weapons
 d - a +0 dagger (weapon)
Missiles
 c - 36 stones
 h - 3 javelins (quivered)
 j - 2 boomerangs of dispersal
Armour
 b - a +0 robe (worn)
 e - a +0 cloak (worn)
Scrolls
 a - a scroll of enchant weapon {unknown}
 k - a scroll of teleportation {unknown}
Potions
 f - 2 potions of attraction {unknown}
 g - a potion of brilliance {unknown}
 i - a potion of might {unknown}
 l - a potion of heal wounds {unknown}


   Skills:
 + Level 0.7 Fighting
 + Level 0.7 Short Blades
 + Level 0.7 Long Blades
 + Level 0.7 Axes
 + Level 0.7 Maces & Flails
 + Level 0.7 Polearms
 + Level 0.7 Staves
 + Level 0.7 Slings
 + Level 0.7 Bows
 + Level 0.7 Crossbows
 + Level 0.7 Throwing
 + Level 0.7 Armour
 + Level 4.5 Dodging
 + Level 4.1 Stealth
 + Level 0.7 Shields
 + Level 0.7 Unarmed Combat
 + Level 5.0 Spellcasting
 + Level 0.5 Conjurations
 + Level 0.5 Hexes
 + Level 0.5 Summonings
 + Level 0.5 Necromancy
 + Level 0.5 Translocations
 + Level 2.1 Transmutations
 + Level 0.5 Fire Magic
 + Level 0.5 Ice Magic
 + Level 0.5 Air Magic
 + Level 5.4 Earth Magic
 + Level 0.5 Poison Magic
 + Level 0.9 Invocations
 + Level 0.7 Evocations


You had 8 spell levels left.
You knew the following spells:

 Your Spells              Type           Power      Damage    Failure   Level
a - Sandblast             Erth           42%        2d11      1%          1
b - Stone Arrow           Conj/Erth      26%        3d8       14%         3

Your spell library contained the following spells:

 Spells                   Type           Power      Damage    Failure   Level
 Passwall                 Tmut/Erth      13%        N/A       4%          2
 Petrify                  Tmut/Erth      16%        N/A       32%         4


Dungeon Overview and Level Annotations

Branches:
Dungeon (2/15)

Altars:


Innate Abilities, Weirdness & Mutations

You have very sharp teeth.
Your uncanny sense of smell can sniff out nearby items.
Your experience applies equally to all skills.


Message History

You miss something. Something completely misses you.
You closely miss something. Your bite misses something.
Casting: Sandblast (safe; 1% risk of failure)
Confirm with . or Enter, or press ? or * to list all spells.
You can't see any susceptible monsters within range! (Use Z to cast anyway.)
You hit something. Your bite misses something. Something hits you.
Casting: Sandblast (safe; 1% risk of failure)
Confirm with . or Enter, or press ? or * to list all spells.
Aiming: Sandblast (safe; 1% risk of failure)
Press: ? - help, Shift-Dir - straight line The blast of sand hits something.
c - 36 stones You hear some strange, mumbled words.
You are confused.
Unknown command.
You closely miss something. Something hits you.
You bump into the rock wall.
You hear some strange, mumbled words.
A magic dart appears from out of thin air!
The magic dart hits you.
You miss something. Something hits you.
* * * LOW HITPOINT WARNING * * *
You bump into the rock wall.
Something completely misses you. Something hits you.
* * * LOW HITPOINT WARNING * * *
You closely miss something. Your punch misses something.
Something hits you but does no damage.
You completely miss something.
You feel less confused.
You hear some strange, mumbled words.
You are confused.
You're too confused to cast spells.
Unknown command.
You barely miss something. Something hits you.
* * * LOW HITPOINT WARNING * * *
You bump into the rock wall.
You hear some strange, mumbled words.
A puff of flame appears from out of thin air!
The puff of flame hits you!
You die...

#.#....# #.### #.#
#.#....# #.#.#########.#
#......# #.#.........#.#
###...#####.#.#######.#.#
# #...#.....#...# #.#.# #
#####.##..###.# #.#.#
#######.##..###.#####.#.#
........##............#.#
##########.#####@######.#
....>...........{.......#
##########.#####>########
...# #.# #.# ...# #.# #.#
...# #.# #.# #### #.# #.#
# #.#####.# # #.#.....#


There were no monsters in sight!

Vanquished Creatures
  A worm (D:2)
  A dart slug (D:1)
  4 ball pythons (D:1)
  3 bats (D:1)
  4 endoplasms (D:1)
  A goblin (D:1)
  3 quokkas (D:1)
  2 frilled lizards (D:1)
  4 kobolds (D:1)
  2 rats (D:1)
25 creatures vanquished.

Notes
Turn   | Place    | Note
-------+----------+-------------------------------------------
     0 | D:1      | PBDoughboyy the Gnoll Earth Elementalist began the quest
                  | for the Orb.
     0 | D:1      | Reached XP level 1. HP: 13/13 MP: 6/6
   123 | D:1      | Reached XP level 2. HP: 19/19 MP: 5/7
   509 | D:1      | Found a faded altar of an unknown god.
   509 | D:1      | Noticed a crimson imp
   672 | D:1      | Reached XP level 3. HP: 25/25 MP: 7/9
   679 | D:1      | Reached skill level 5 in Spellcasting
   926 | D:2      | Learned a level 3 spell: Stone Arrow
   951 | D:1      | Killed from afar by an orc wizard

Illustrated notes

Levels and vault maps discovered:
D:1:      heliophobic_arrival_glass_houses, layout_basic,
          dreamdust_ecumenical_altar_sealed_demon, minmay_tetromino_t4
D:2:      layout_basic, serial_forest, infiniplex_forest_zigzag_1,
          infiniplex_forest_straight_4, infiniplex_forest_lined_2,
          infiniplex_forest_pool, infiniplex_forest_straight_2,
          infiniplex_forest_clump_curved, grunt_ministairs_3,
          uniq_crazy_yiuf_cottage, uniq_robin

Skill      XL: |  1  2  3 |
---------------+----------+-----
Transmutations | 2 |  2.1
Spellcasting   | 5 |  5.0
Fighting       | |  0.7
Short Blades   | |  0.7
Long Blades    | |  0.7
Axes           | |  0.7
Maces & Flails | |  0.7
Polearms       | |  0.7
Staves         | |  0.7
Slings         | |  0.7
Bows           | |  0.7
Crossbows      | |  0.7
Throwing       | |  0.7
Armour         | |  0.7
Dodging        | |  4.5
Stealth        | |  4.1
Shields        | |  0.7
Unarmed Combat | |  0.7
Conjurations   | |  0.5
Hexes          | |  0.5
Summonings     | |  0.5
Necromancy     | |  0.5
Translocations | |  0.5
Fire Magic     | |  0.5
Ice Magic      | |  0.5
Air Magic      | |  0.5
Earth Magic    | |  5.4
Poison Magic   | |  0.5
Invocations    | |  0.9
Evocations     | |  0.7

Action                   || total
-------------------------++-------
Melee: Dagger            ||    21
       Unarmed           ||     3
       Bite              ||     2
 Cast: Sandblast         ||    24
 Stab: Sleeping          ||     6
Armor: Robe              ||     3
Dodge: Dodged            ||    13
